 Dungeon Crawl Stone Soup version 0.27-a0-522-g46bbb28828 (webtiles) character file.

Game seed: 9390235698203881553

506 kae the Chopper (level 7, 0/62 HPs)
             Began as a Hill Orc Fighter on Mar 4, 2021.
             Slain by a hound (2 damage)
             ... on level 4 of the Dungeon.
             The game lasted 00:01:57 (2581 turns).

kae the Chopper (Hill Orc Fighter)                  Turns: 2581, Time: 00:01:58

Health: 0/62       AC:  9    Str: 20 (21) XL:     7   Next: 18%
Magic:  16/16      EV:  7    Int:  5 (8)  God:
Gold:   194        SH:  9    Dex:  8 (10) Spells: 6/6 levels left

rFire    . . .     SeeInvis .   a - +0 war axe
rCold    . . .     Faith    .   c - +0 kite shield
rNeg     . . .     Spirit   .   b - +1 scale mail
rPois    .         Reflect  .   (no helmet)
rElec    .         Harm     .   (no cloak)
rCorr    .         Rampage  .   g - +0 pair of gloves
Will     .....                  (no boots)
Stlth    ..........             (no amulet)
HPRegen  0.20/turn              h - ring of magical power
MPRegen  0.15/turn              e - ring of wizardry

@: lethally poisoned (0 -> -1)
A: deterioration 1, sense surroundings 1
a: no special abilities


You were on level 4 of the Dungeon.
You visited 1 branch of the dungeon, and saw 4 of its levels.

You collected 194 gold pieces.

Inventory:

Hand Weapons
 a - a +0 war axe (weapon)
Armour
 b - a +1 scale mail (worn)
 c - a +0 kite shield (worn)
 g - a +0 pair of gloves (worn)
Jewellery
 e - a ring of wizardry (right hand)
 h - a ring of magical power (left hand)
 t - an amulet of reflection
Scrolls
 f - a scroll of random uselessness
 i - 3 scrolls of enchant armour
 m - 4 scrolls of identify
Potions
 j - a potion of mutation
 l - a potion of degeneration


   Skills:
 + Level 5.7 Fighting
 * Level 7.3 Axes
 + Level 5.1 Armour
 - Level 3.2 Shields


You had 6 spell levels left.
You didn't know any spells.
Your spell library was empty.

Dungeon Overview and Level Annotations

Branches:
Dungeon (4/15)
 Temple: D:4-7

Altars:
Dithmenos
Okawaru


Innate Abilities, Weirdness & Mutations

Your body sometimes deteriorates upon taking damage.
You passively map a small area around you.


Message History

* * * LOW HITPOINT WARNING * * *
You feel sick.
* * * LOW HITPOINT WARNING * * *
You feel sick.
A gnoll comes into view.
A gnoll is nearby!
A gnoll is nearby!
The gnoll shouts!
You hear a shout! x2
* * * LOW HITPOINT WARNING * * *
You feel sick.
* * * LOW HITPOINT WARNING * * *
You feel sick.
You see here a hound corpse.
Okay, then.
A gnoll comes into view. It is wielding a +1 spear of flaming.
Found a ring mail.
* * * LOW HITPOINT WARNING * * *
You feel sick.
A scorpion comes into view.
The scorpion moves out of view.
* * * LOW HITPOINT WARNING * * *
You feel sick.
* * * LOW HITPOINT WARNING * * *
You feel sick.
A hound comes into view.
The hound barks!
* * * LOW HITPOINT WARNING * * *
You feel sick. The hound barely misses you. The hound closely misses you.
You block the hound's attack.
You completely miss the hound. The hound bites you but does no damage.
You block the hound's attack.
You slash the hound!
The hound is severely wounded.
You hit the gnoll but do no damage.
* * * LOW HITPOINT WARNING * * *
You feel sick. You block the hound's attack.
The hound bites you but does no damage. You block the gnoll's attack.
Unknown command.
The hound bites you.
You die...

#.#†#..#**,,,* *,,,,,,,,,,,,,,,
.......# *,,,* *,,,,,..,,,,,,,,
...s...###***########*#(#*,,,,,,*
.........# #......# #.#******,,
.......#.## #......###.#####.#.*
..........####........#.#......,,
.....#......s.......#.#.#.....#,*
....##....####gg....#.......#.#,#
####*#.####**#.h@.......#.....#..
#..,,,,,##+#.#####.#.....#..
###****,**,*...,,#.#...#....
*,**,*####,#.....†.... *,,,,*
*,*,#....#.#...
********,,,#..###.#...
*,,,,,,,**#..###.#...
*,,,,,,<**#..........
*,,,,,,,,...####.#...


You could see a scorpion, a hound and 2 gnolls.

Vanquished Creatures
  A sky beast (D:3)
  A phantom (D:4)
  3 orc priests
  A hound (D:4)
  A centaur skeleton (D:4)
  Terence (D:2)
  An orc wizard (D:3)
  A worker ant (D:4)
  3 adders
  3 worms (D:2)
  3 leopard geckos
  6 orcs
  2 ball pythons (D:2)
  6 giant cockroaches
  7 goblins
  6 hobgoblins
  11 kobolds
  6 bats
  5 frilled lizards
  9 rats
77 creatures vanquished.

Notes
Turn   | Place    | Note
-------+----------+-------------------------------------------
     0 | D:1      | kae the Hill Orc Fighter began the quest for the Orb.
     0 | D:1      | Reached XP level 1. HP: 19/19 MP: 1/1
    75 | D:1      | Reached skill level 3 in Axes
   238 | D:1      | Reached XP level 2. HP: 21/27 MP: 2/2
   792 | D:1      | Reached XP level 3. HP: 33/33 MP: 3/3
   926 | D:2      | Reached skill level 4 in Axes
  1393 | D:2      | Reached XP level 4. HP: 40/40 MP: 4/4
  1420 | D:2      | Noticed Terence
  1430 | D:2      | Killed Terence
  1738 | D:3      | Noticed a sky beast
  1748 | D:3      | Killed a sky beast
  1749 | D:3      | Reached skill level 5 in Axes
  1749 | D:3      | Reached XP level 5. HP: 47/47 MP: 5/5
  1767 | D:3      | Reached XP level 6. HP: 43/55 MP: 6/6
  1768 | D:3      | Reached skill level 5 in Fighting
  1769 | D:3      | Reached skill level 6 in Axes
  2348 | D:3      | Found a shadowy altar of Dithmenos.
  2348 | D:3      | Found an iron altar of Okawaru.
  2458 | D:3      | You fall into a shaft and drop 1 floor!
  2514 | D:4      | Reached skill level 5 in Armour
  2516 | D:4      | Reached skill level 7 in Axes
  2516 | D:4      | Reached XP level 7. HP: 15/61 MP: 7/7
  2558 | D:4      | Gained mutation: You possess an exceptional clarity of
                  | mind. [potion of mutation]
  2558 | D:4      | Gained mutation: You are robust. (+10% HP) [potion of
                  | mutation]
  2559 | D:4      | Lost mutation: You possess an exceptional clarity of mind.
                  | [potion of mutation]
  2559 | D:4      | Lost mutation: You are robust. (+10% HP) [potion of
                  | mutation]
  2559 | D:4      | Gained mutation: You are clumsy. (Dex -2) [potion of
                  | mutation]
  2559 | D:4      | Gained mutation: You passively map a small area around you.
                  | [potion of mutation]
  2559 | D:4      | Gained mutation: Your body sometimes deteriorates upon
                  | taking damage. [potion of mutation]
  2559 | D:4      | Lost mutation: You are clumsy. (Dex -2) [potion of
                  | mutation]
  2565 | D:4      | HP: 3/62 [poisoned by a worker ant]
  2573 | D:4      | HP: 2/62 [poisoned by a worker ant]
  2580 | D:4      | HP: 1/62 [poisoned by a worker ant]
  2581 | D:4      | Slain by a hound

Illustrated notes

Levels and vault maps discovered:
D:1:      dpeg_arrival_pits, layout_basic
D:2:      wander_river, layout_loops_ring, uniq_terence
D:3:      minmay_door_path, layout_loops_ring, gammafunk_temple_overflow_wave,
          amcnicky_mini_corridor_feature
D:4:      layout_basic, enter_ossuary_5, uniq_duvessa

Skill      XL: |  1  2  3  4  5  6 |
---------------+-------------------+-----
Axes           | 3 4 5 7 |  7.3
Fighting       | 4 5 |  5.7
Armour         | 4 5 |  5.1
Shields        | |  3.2

Action                   |  1- 3 |  4- 6 |  7- 9 || total
-------------------------+-------+-------+-------++-------
Melee: War axe           |   131 |   110 |    20 ||   261
  Use: Scroll            |     1 |       |     4 ||     5
       Potion            |       |     3 |     6 ||     9
Armor: Scale mail        |    76 |    39 |    12 ||   127
Dodge: Dodged            |    50 |    31 |     7 ||    88
Block: Kite shield       |    75 |    47 |     8 ||   130

Table legend: (Time is in decaauts)
 A = Elapsed time spent in this place.
 B = Non-inter-level travel time spent in this place.
 C = Inter-level travel time spent in this place.
 D = Time resting spent in this place.
 E = Time spent auto-exploring this place.
 F = Levels seen in this place.
 G = Mean time per level.
                   A        B        C        D        E       F      G
               +--------+--------+--------+--------+--------+-----+--------+
         Total |   2725 |   2681 |     44 |      0 |   2070 |   4 |  681.2 |
       Dungeon |   2725 |   2681 |     44 |      0 |   2070 |   4 |  681.2 |
               +--------+--------+--------+--------+--------+-----+--------+

Top non-repeatable levels by time:
     D:1: 948 daAuts
     D:3: 839 daAuts
     D:2: 796 daAuts
     D:4: 141 daAuts
